 Dungeon Crawl Stone Soup version 0.17-a0-1582-ge6b0260 (webtiles) character file.

378413 HEYYEYAAE the Draconian Blade (level 21, -22/183 HPs)
             Began as a Black Draconian Berserker on July 27, 2015.
             Was an Elder of Trog.
             Killed from afar by a deep elf annihilator (44 damage)
             ... with an iron shot
             ... on level 2 of the Depths.
             The game lasted 03:23:46 (46555 turns).

HEYYEYAAE the Draconian Blade (DrBe)               Turns: 46555, Time: 03:23:46

Health: -22/183    AC: 30    Str: 22      XL:     21   Next: 50%
Magic:  31/31      EV: 24    Int:  9 (10) God:    Trog [****..]
Gold:   157        SH:  0    Dex: 16 (17) Spells: 0 memorised, 20 levels left

rFire  . . .     SeeInvis +     s - +9 triple sword (elec)
rCold  + . .     Clarity  +     (armour unavailable)
rNeg   + . .     SustAt   .     (no shield)
rPois  .         Gourm    .     k - +2 hat {SInv}
rElec  +         Spirit   .     Z - +2 cloak {MR+}
rCorr  .         Warding  .     d - +2 pair of gloves {Dex+3}
rMut   .         Stasis   .     u - +2 pair of boots
MR     +++++                    v - amulet of regeneration
Stlth  ++........               X - ring of Robustness {AC+8}
                                T - ring of Shadows {Umbra +Inv rN+ SInv}

@: exhausted, regenerating, slowed, wreathed by umbra, drained, very slow,
almost entirely resistant to hostile enchantments, unstealthy
A: breathe lightning, unfitting armour, big wings, agile 1, blurry vision 1,
clarity, cold resistance 1, deterioration 1, frail 1, magic resistance 1, sense
surroundings 1, regeneration 1, electricity resistance, weak 2, cold-blooded, AC
+11
a: Breathe Lightning, Fly, Burn Spellbooks, Berserk, Trog's Hand, Brothers in
Arms, Renounce Religion, Evoke Invisibility
}: 3/15 runes: decaying, serpentine, slimy


You were on level 2 of the Depths.
You worshipped Trog.
Trog was greatly pleased with you.
You were hungry.

You visited 8 branches of the dungeon, and saw 46 of its levels.
You visited Pandemonium 1 time, and saw 1 of its levels.
You visited 1 bazaar.

You collected 5247 gold pieces.
You spent 5090 gold pieces at shops.

Inventory:

Hand weapons
 a - a +3 triple sword of holy wrath
 s - a +9 triple sword of electrocution (weapon)
Armour
 d - a +2 pair of gloves of dexterity (worn)
 k - a +2 hat of see invisible (worn)
 u - a +2 pair of boots (worn)
 F - the +0 pair of gloves of Fesu {rC++ MR+}
   (You took it off Nikola on level 1 of the Swamp)

   It greatly protects you from cold.
   It affects your resistance to hostile enchantments.
 Z - a +2 cloak of magic resistance (worn)
Jewellery
 f - an uncursed ring of poison resistance
 n - an uncursed amulet of stasis
 t - an uncursed amulet of the gourmand
 v - an amulet of regeneration (around neck)
 E - an uncursed ring of protection from fire
 I - a +3 ring of slaying
 M - an uncursed ring of sustain attributes
 T - the ring of Shadows (left hand) {Umbra +Inv rN+ SInv}
   (You found it on level 4 of the Orcish Mines)

   [ring of invisibility]

   It protects you from negative energy.
   It lets you see invisible.
   It lets you turn invisible.
 X - the ring of Robustness (right hand) {AC+8}
   (You found it on level 3 of the Elven Halls)

   [ring of protection]

   It affects your AC (+8).
Magical devices
 x - a wand of confusion (26)
 z - a wand of cold (4)
 C - a wand of fireball (9)
 H - a wand of lightning (4)
 J - a wand of draining (4)
 K - a wand of polymorph (7)
 O - a wand of digging (0)
 Q - a wand of lightning (4)
 U - a wand of invisibility (0)
 W - a wand of lightning (6)
 Y - a wand of lightning (10)
Scrolls
 e - 23 scrolls of remove curse
 g - 8 scrolls of recharging
 j - a scroll of fog
 l - a scroll of vulnerability
 q - a scroll of fear
 w - a scroll of silence
 y - 3 scrolls of teleportation
 L - 2 scrolls of magic mapping
 S - 2 scrolls of blinking
Potions
 o - 2 potions of curing
 p - 4 potions of cancellation
 r - a potion of haste
 A - 5 potions of agility
 B - 6 potions of cure mutation
 P - 6 potions of might
 R - a potion of resistance
Miscellaneous
 c - a box of beasts {used: 8}
 h - a disc of storms
 m - a fan of gales
 D - a phial of floods (inert)
 V - a lamp of fire
Comestibles
 b - 19 bread rations
 i - 24 meat rations


   Skills:
 + Level 21.1 Fighting
 + Level 24.4(24.3) Long Blades
 * Level 16.4(16.3) Dodging
 + Level 14.2(14.1) Evocations


You had 20 spell levels left.
You didn't know any spells.

Dungeon Overview and Level Annotations

Branches:
Dungeon (15/15)            Temple (0/1) D:6            Lair (8/8) D:9
  Swamp (4/4) Lair:6        Snake (4/4) Lair:6        Slime (6/6) Lair:8
    Orc (4/4) D:9             Elf (3/3) Orc:4        Vaults (0/5) D:13
 Depths (2/5) D:15

Altars:
Ashenzari
Dithmenos
Elyvilon
Fedhas
Gozag
Makhleb
Nemelex Xobeh
Ru
Sif Muna
Yredelemnul
Zin
The Shining One
Beogh

Shops:
D:4 (   D:8 %   D:10 :   D:14 }   Orc:4 =%[:   Elf:1 }[   Elf:2 !   Snake:2 *
Snake:3 *

Portals:
Hell: Depths:1
Pandemonium: Depths:2

Annotations:
D:6 1 runed door
Elf:2 5 runed doors
Depths:2 exclusion: ice statue


Innate Abilities, Weirdness & Mutations

You can breathe wild blasts of lightning.
Your glossy black scales are hard (AC +11).
Your body does not fit into most forms of armour.
Your large and strong wings let you fly indefinitely.
You are resistant to electric shocks.
You are cold-blooded and may be slowed by cold attacks.
You are agile. (Dex +2)
Scrolls take you a little longer to read.
You possess an exceptional clarity of mind.
Your flesh is cold resistant.
Your body sometimes deteriorates upon taking damage.
You are frail (-10% HP).
You are resistant to hostile enchantments.
You passively map a small area around you.
Your natural rate of healing is unusually fast.
You are very weak. (Str -4)


Message History

Drink which item? (? for menu, Esc to quit)
You feel better. The chaos spawn completely misses you.
The ynoxinul gestures at you. The iron shot hits you!
* * * LOW HITPOINT WARNING * * *
The deep elf knight shoots an arrow of flame.
The arrow of flame hits your water elemental!!
The arrow of flame burns your water elemental.
Your water elemental is destroyed!
The deep elf high priest mumbles some strange prayers to its god against you.
Something smites you!
* * * LOW HITPOINT WARNING * * *
A deep elf knight, a deep elf summoner and an efreet come into view.
Unknown command.
Drink which item? (? for menu, Esc to quit)
You feel better. The chaos spawn misses you.
The ynoxinul gestures.
The deep elf annihilator points at you and mumbles some strange words.
The iron shot hits you!
You die...

..........##.....≈≈≈Z..Y≈≈
,
*..8.......#[§..≈≈4.4..≈≈≈≈
,
..........#.(4e.eZ.3.≈≈./(≈
.......8.§#∩.Z...e2Z.≈≈$8=
,
*.......)D.#.........Z≈≈(})
,
..8.eD....#[§..≈≈≈....≈≈≈≈
......≈).e##.....≈≈≈...≈≈≈
'
.8..e.(....##......≈≈.....
......)..5Z@###...........
........55e3# #'+.........
, .....8..53.## ,
.......R54## , ,
........§## , * ....e.§* ,
* , ...#'' , * , , ###R , ,
* * ,


You could see a storm dragon, a quicksilver dragon, a deep elf annihilator, an
orange demon, a deep elf knight (unaware), a deep elf summoner, 2 deep elf high
priests, 2 efreet, a ynoxinul, a chaos spawn, a spriggan simulacrum and 5
ufetubi.

Vanquished Creatures
  the royal jelly (Slime:6)
  A pandemonium lord (Pan)
  Nikola (Swamp:1)
  A lich (Depths:1)
  Jorgrun (Swamp:2)
  A Shadow Fiend (Pan)
  An Executioner (Pan)
  23 acid blobs
  Agnes (Snake:2)
  Kirke (Swamp:2)
  7 thorn hunters
  Roxanne (Snake:2)
  7 azure jellies
  A deep elf sorcerer (Elf:3)
  A frost giant (Depths:1)
  Donald (Swamp:3)
  4 greater nagas
  A black sun (Pan)
  Maud (Orc:4)
  A cacodemon (Pan)
  6 chaos champions (Pan)
  A balrug (Pan)
  The ghost of cmdexe the Severer, a powerful HuFi of the Shining One (Swamp:2)
  3 stone giants (Depths:1)
  4 deep elf demonologists (Elf:3)
  3 corrupters (Pan)
  Nessos (Lair:7)
  2 deep elf annihilators (Elf:3)
  2 blood saints (Pan)
  2 dire elephants
  A blizzard demon (Pan)
  3 deep elf death magi
  Snorg (D:14)
  A merfolk javelineer (Depths:1)
  4 death oozes (Slime:6)
  A deep elf high priest (Depths:2)
  Erolcha (Orc:3)
  4 ettins
  Josephine (Swamp:1)
  10 great orbs of eyes
  3 yaktaur captains
  14 naga warriors
  An ice dragon (Depths:1)
  15 anacondas
  3 entropy weavers (Depths:1)
  Erica (D:9)
  A queen ant (Lair:6)
  8 centaur warriors
  4 tengu warriors
  6 alligators
  21 hydras
  2 deep troll shamans
  A catoblepas (Lair:8)
  2 dancing weapons (Elf:2)
  3 death yaks (Lair:8)
  6 orc high priests (Orc:4)
  10 naga sharpshooters
  8 deep elf knights
  A small abomination (Elf:3)
  7 shock serpents
  8 soul eaters
  Nergalle (D:10)
  4 ice devils (Pan)
  5 skeletal warriors
  An iron troll (Swamp:4)
  A hell knight (Depths:1)
  2 sun demons (Pan)
  3 salamander mystics (Snake:3)
  6 swamp dragons
  9 deep elf summoners
  3 spriggan druids
  4 sea snakes (Snake:2)
  4 unseen horrors
  2 infernal demonspawn (Pan)
  A torturous demonspawn (Pan)
  4 naga ritualists
  3 gelid demonspawn (Pan)
  2 putrid demonspawn (Pan)
  4 shambling mangroves
  11 deep elf conjurers
  A necromancer (Elf:1)
  A wizard (D:13)
  5 orc sorcerers
  6 mana vipers
  4 orc knights
  2 manticores (D:15)
  3 hill giants
  4 shining eyes
  An anubis guard (shapeshifter) (Elf:3)
  2 hornets (Swamp:4)
  An oklob plant (Lair:7)
  12 salamanders
  17 elephants (Lair:8)
  4 griffons
  4 cyclopes
  17 ugly things
  3 sixfirhies (Pan)
  23 spiny frogs
  27 naga magi
  2 guardian serpents
  2 rust devils
  Joseph (D:9)
  32 black mambas
  An orange demon (Pan)
  5 smoke demons (Pan)
  A gargoyle (D:11)
  5 eyes of devastation
  10 centaur skeletons
  6 hellwings (Pan)
  A demonic crawler (Pan)
  A yaktaur (Depths:1)
  5 tengu conjurers
  11 komodo dragons
  12 deep elf priests
  A tormentor (Pan)
  3 two-headed ogres
  8 trolls
  A troll (shapeshifter) (D:14)
  2 red devils (Pan)
  4 fire drakes
  7 giant leeches
  A polar bear (Lair:8)
  Prince Ribbit (D:9)
  19 blink frogs
  4 bog bodies
  140 slime creatures
  A queen bee (D:9)
  23 deep elf magi
  7 wraiths
  Sigmund (D:2)
  3 trapdoor spiders
  45 yaks
  12 spriggans
  10 golden eyes
  A basilisk (Lair:8)
  3 wyverns
  2 water elementals
  3 flying skulls (Depths:2)
  A vampire (D:13)
  4 redbacks (Depths:1)
  5 shadows
  A mottled dragon (D:12)
  A neqoxec (Pan)
  16 hippogriffs
  44 nagas
  A steam dragon (Lair:7)
  A wyvern (shapeshifter) (D:13)
  5 hungry ghosts
  5 wargs
  A fire elemental (D:10)
  17 deep elf fighters
  7 insubstantial wisps
  14 vampire mosquitoes
  A soldier ant (shapeshifter) (D:15)
  23 swamp worms
  18 water moccasins
  9 porcupines
  17 wolves
  2 soldier ants (Lair:6)
  4 black bears
  7 ice beasts
  3 phantoms
  6 sky beasts
  19 wasps
  5 eyes of draining
  17 ogres
  9 large abominations
  41 orc warriors
  5 boggarts (D:14)
  11 swamp drakes
  A necrophage (D:5)
  20 centaurs
  3 big kobolds
  3 brain worms
  21 giant frogs
  14 crocodiles
  An earth elemental (D:10)
  5 elf zombies (Elf:1)
  25 killer bees
  3 scorpions
  3 electric eels
  15 wights
  8 crimson imps
  2 giant frog zombies
  39 jellies
  8 hounds
  4 centaur zombies
  4 giant frog skeletons
  Crazy Yiuf (D:4)
  27 orc priests
  29 orc wizards
  32 worker ants
  16 iguanas
  Jessica (D:2)
  9 hell rats (Lair:7)
  Terence (D:2)
  Natasha (thrice) (D:2)
  20 sheep
  3 hound skeletons
  Robin (D:2)
  22 adders
  15 river rats
  5 shadow imps
  8 oozes
  3 adder skeletons
  3 worms
  232 orcs
  5 ball pythons
  3 bat skeletons
  3 bat zombies
  28 hobgoblins
  9 jackals
  8 quokkas
  A ball python zombie (D:3)
  9 bats
  3 giant cockroaches
  A giant gecko skeleton (D:3)
  2 giant newts
  32 goblins
  A jackal skeleton (D:3)
  29 kobolds
  A quokka skeleton (D:3)
  36 rats
  7 briar patches
  A fungus (D:2)
  A plant (Lair:8)
1948 creatures vanquished.

Vanquished Creatures (collateral kills)
  2 deep elf blademasters (Elf:3)
  4 acid blobs
  An Executioner (Pan)
  2 azure jellies (Slime:6)
  7 deep elf sorcerers (Elf:3)
  An orc warlord (Orc:4)
  A stone giant (Depths:1)
  3 deep elf demonologists (Elf:3)
  6 deep elf annihilators (Elf:3)
  A blood saint (Pan)
  3 deep elf death magi (Elf:3)
  A small abomination (Depths:1)
  An ettin (Orc:4)
  4 death oozes (Slime:6)
  A fire dragon (Depths:1)
  A yaktaur captain (Depths:1)
  3 deep elf high priests
  A rakshasa (D:15)
  6 naga warriors
  2 hydras (Swamp:4)
  A catoblepas (D:15)
  An anaconda (Snake:3)
  An alligator (Swamp:1)
  A spriggan berserker (Depths:1)
  A skeletal warrior (D:12)
  A large abomination (Elf:3)
  3 naga ritualists
  2 swamp dragons (Swamp:4)
  A hill giant (D:15)
  A wolf spider zombie (D:15)
  11 ugly things
  An orc sorcerer (Orc:4)
  A salamander (Snake:4)
  3 guardian serpents
  10 naga magi
  A smoke demon (Pan)
  3 black mambas
  An eye of devastation (Slime:1)
  2 trolls
  A freezing wraith (D:15)
  10 slime creatures
  3 deep elf magi (Elf:3)
  A wraith (Swamp:1)
  2 spriggans (Swamp:1)
  5 deep elf fighters
  A warg (Orc:4)
  14 nagas
  7 orc warriors
  4 ogres
  An eye of draining (Slime:1)
  3 wasps (Swamp:1)
  8 killer bees (D:9)
  23 orcs
  A centaur skeleton (D:12)
  3 orc priests (Orc:4)
  3 orc wizards
  An adder skeleton (D:9)
  A crawling corpse (Elf:3)
  A plant (Depths:1)
190 creatures vanquished.

Vanquished Creatures (others)
  An alligator (Swamp:1)
  A deep elf knight (Depths:2)
  An orc knight (D:15)
  An ugly thing (D:15)
  3 slime creatures
  A deep elf mage (Depths:2)
  An air elemental (D:10)
  4 killer bees (D:9)
  2 deep elf fighters
  A swamp worm (Swamp:1)
  A wasp (Swamp:1)
  An elf simulacrum (Depths:2)
  A jelly (Slime:2)
  3 orcs
  6 briar patches
  9 fungi
  7 plants
44 creatures vanquished.

Grand Total: 2182 creatures vanquished

Notes
Turn   | Place    | Note
--------------------------------------------------------------
     0 | D:1      | HEYYEYAAE the Draconian Berserker began the quest for the Orb.
     0 | D:1      | Reached XP level 1. HP: 19/19 MP: 1/1
   161 | D:1      | You fall through a shaft!
   175 | D:2      | Noticed Natasha
   177 | D:2      | Noticed a crimson imp
   184 | D:2      | Noticed an iron imp
   195 | D:2      | Noticed an iron imp
   200 | D:2      | Noticed Sigmund
   202 | D:2      | Noticed Terence
   205 | D:3      | Reached XP level 2. HP: 13/26 MP: 2/2
   400 | D:3      | Noticed an ogre
   407 | D:3      | Killed an ogre
   407 | D:3      | Reached skill level 4 in Fighting
   407 | D:3      | Reached XP level 3. HP: 33/33 MP: 3/3
   407 | D:3      | Reached XP level 4. HP: 40/40 MP: 4/4
   487 | D:3      | Noticed a hound
   488 | D:3      | Found a burning altar of Makhleb.
   494 | D:3      | Killed a hound
   521 | D:3      | Reached XP level 5. HP: 38/47 MP: 5/5
  1087 | D:3      | Found a sacrificial altar of Ru.
  1087 | D:3      | Found an opulent altar of Gozag.
  1126 | D:3      | Noticed an orc warrior
  1133 | D:3      | HP: 1/70 [orc warrior/trident (9)]
  1684 | D:4      | Found Ezuebrist's Weapon Shoppe.
  1704 | D:4      | Found a deep blue altar of Sif Muna.
  1909 | D:4      | Noticed Crazy Yiuf
  1914 | D:4      | Killed Crazy Yiuf
  1914 | D:4      | Acquired Trog's second power
  1997 | D:4      | Reached skill level 5 in Fighting
  2160 | D:2      | Killed Natasha
  2160 | D:2      | Reached XP level 6. HP: 56/56 MP: 6/6
  2233 | D:2      | Noticed Jessica
  2238 | D:2      | Killed Sigmund
  2238 | D:2      | Reached skill level 5 in Long Blades
  2254 | D:2      | Killed Jessica
  2260 | D:2      | Killed Terence
  2357 | D:2      | Your ally Terence died
  2383 | D:2      | Noticed Natasha
  2388 | D:2      | Killed Natasha
  2388 | D:2      | Your scales start taking on a glossy black colour.
  2388 | D:2      | Gained mutation: You are resistant to electric shocks. [Black Draconian growth]
  2388 | D:2      | Reached XP level 7. HP: 62/62 MP: 7/7
  2442 | D:2      | Noticed Natasha
  2454 | D:2      | Killed Natasha
  2511 | D:2      | Found a white marble altar of Elyvilon.
  2555 | D:2      | Found a blossoming altar of Fedhas.
  2580 | D:2      | Noticed Robin
  2609 | D:2      | Killed Robin
  3405 | D:5      | Entered Level 5 of the Dungeon
  3415 | D:5      | Reached skill level 6 in Fighting
  3460 | D:5      | Reached skill level 1 in Evocations
  3544 | D:5      | Acquired Trog's third power
  3624 | D:5      | Reached skill level 5 in Dodging
  4003 | D:5      | Reached XP level 8. HP: 66/71 MP: 9/9
  4006 | D:5      | Reached skill level 7 in Fighting
  4632 | D:6      | Got a smoking dagger
  4633 | D:6      | Identified the +6 dagger of Corruption {pierce, *Rage MP+9 Int+4 SInv} (You found it on level 6 of the Dungeon)
  4692 | D:6      | Found a glowing silver altar of Zin.
  4692 | D:6      | Noticed an angel
  4697 | D:6      | Found a runed door.
  5021 | D:6      | Found a staircase to the Ecumenical Temple.
  5329 | D:7      | Reached skill level 8 in Fighting
  5343 | D:7      | Reached XP level 9. HP: 77/81 MP: 11/11
  5749 | D:7      | Found a shattered altar of Ashenzari.
  5753 | D:7      | Saw a vision of the Swamp and the Snake Pit.
  5753 | D:7      | Noticed a shock serpent
  5753 | D:7      | Noticed a salamander
  5753 | D:7      | Noticed a naga warrior
  5753 | D:7      | Noticed a black mamba
  5753 | D:7      | Noticed an anaconda
  5753 | D:7      | Noticed a black mamba
  5753 | D:7      | Noticed a naga mage
  5753 | D:7      | Noticed an alligator
  5754 | D:7      | Noticed an alligator
  5754 | D:7      | Noticed a salamander
  5755 | D:7      | Noticed an alligator
  5784 | D:7      | Found a shadowy altar of Dithmenos.
  6052 | D:8      | Reached skill level 9 in Fighting
  6065 | D:8      | Found Jyemp's Food Shop.
  6217 | D:8      | Reached XP level 10. HP: 52/91 MP: 13/13
  6681 | D:8      | Found a sparkling altar of Nemelex Xobeh.
  6736 | D:8      | Found a shattered altar of Ashenzari.
  6947 | D:9      | Noticed Joseph
  6959 | D:9      | Killed Joseph
  6961 | D:9      | Reached skill level 10 in Fighting
  6995 | D:9      | Reached skill level 5 in Evocations
  7013 | D:9      | Received a gift from Trog
  7025 | D:9      | Found a staircase to the Orcish Mines.
  7514 | D:9      | Noticed Prince Ribbit
  7521 | D:9      | Killed Prince Ribbit
  7864 | D:9      | Found a staircase to the Lair.
  7927 | D:9      | Noticed Erica
  7937 | D:9      | Killed Erica
  8319 | D:9      | Reached XP level 11. HP: 101/101 MP: 15/15
  8330 | D:9      | Received a gift from Trog
  8659 | D:10     | Entered Level 10 of the Dungeon
  8664 | D:10     | Reached skill level 10 in Long Blades
  8698 | D:10     | Noticed Nergalle
  8704 | D:10     | Killed an unseen horror
  8704 | D:10     | Reached skill level 11 in Fighting
  8826 | D:10     | Gained mutation: Your natural rate of healing is unusually fast. [mutagenic meat]
  8827 | D:10     | Gained mutation: You are agile. (Dex +2) [mutagenic meat]
  8828 | D:10     | Gained mutation: You possess an exceptional clarity of mind. [mutagenic meat]
  8829 | D:10     | Gained mutation: You passively map a small area around you. [mutagenic meat]
  8830 | D:10     | Gained mutation: Your body sometimes deteriorates upon taking damage. [mutagenic meat]
  8831 | D:10     | Gained mutation: You are weak. (Str -2) [mutagenic meat]
  8903 | D:10     | Noticed a hill giant
  8909 | D:10     | Killed a hill giant
  9058 | D:10     | Found Nerra's Book Shoppe.
  9173 | D:10     | Killed Nergalle
  9324 | D:10     | Found a large runed door.
  9324 | D:10     | Found a large runed door.
  9639 | D:11     | Noticed a skeletal warrior
  9653 | D:11     | Killed a skeletal warrior
  9745 | D:11     | Killed an unseen horror
  9745 | D:11     | Received a gift from Trog
  9745 | D:11     | Reached skill level 12 in Fighting
 10156 | D:11     | Reached XP level 12. HP: 110/112 MP: 17/17
 10193 | D:11     | Reached skill level 10 in Dodging
 10565 | D:11     | Killed an unseen horror
 11346 | D:12     | Reached skill level 13 in Fighting
 11874 | D:12     | Noticed an eight-headed hydra
 11882 | D:12     | Killed a nine-headed hydra
 12116 | D:13     | Reached XP level 13. HP: 91/122 MP: 11/18
 12228 | D:13     | Noticed a centaur warrior
 12237 | D:13     | Killed a centaur warrior
 12238 | D:13     | Noticed a centaur warrior
 12244 | D:13     | Killed a centaur warrior
 12599 | D:13     | Noticed a centaur warrior
 12605 | D:13     | Killed a centaur warrior
 12639 | D:13     | Received a gift from Trog
 12691 | D:13     | Found a gate to the Vaults.
 13274 | D:14     | Found Xirraorio's Gadget Emporium.
 13606 | D:14     | Noticed Snorg
 13613 | D:14     | Killed Snorg
 14014 | D:14     | Reached skill level 14 in Fighting
 14352 | D:15     | Entered Level 15 of the Dungeon
 14458 | D:15     | Received a gift from Trog
 14892 | D:15     | Gained mutation: Your large and strong wings let you fly indefinitely. [Black Draconian growth]
 14892 | D:15     | Reached XP level 14. HP: 95/132 MP: 20/20
 15175 | D:15     | Noticed a dire elephant
 15186 | D:15     | Killed a dire elephant
 15377 | D:15     | Found a staircase to the Depths.
 15700 | Orc:1    | Entered Level 1 of the Orcish Mines
 15796 | Orc:1    | Received a gift from Trog
 16179 | Orc:3    | Noticed Erolcha
 16186 | Orc:3    | Killed Erolcha
 17906 | Orc:4    | Entered Level 4 of the Orcish Mines
 18015 | Orc:4    | Received a gift from Trog
 18226 | Orc:4    | Noticed Maud
 18234 | Orc:4    | Killed Maud
 18444 | Orc:4    | Found Satotost's Book Boutique.
 18499 | Orc:4    | Found Lim Tipn's Armour Shop.
 18513 | Orc:4    | Bought a +2 pair of gloves of dexterity for 344 gold pieces
 18734 | Orc:4    | Received a gift from Trog
 18744 | Orc:4    | Got a shimmering scimitar {god gift}
 19042 | Orc:4    | Found a roughly hewn altar of Beogh.
 19495 | Orc:4    | Found a staircase to the Elven Halls.
 19603 | Orc:4    | Reached skill level 10 in Evocations
 19607 | Orc:4    | Paralysed by an orc sorcerer for 3 turns
 19717 | Orc:4    | Noticed an orc warlord
 19726 | Orc:4    | Killed an orc warlord
 19730 | Orc:4    | Received a gift from Trog
 19748 | Orc:4    | Found a roughly hewn altar of Beogh.
 19837 | Orc:4    | Found Hymadits's Food Boutique.
 20046 | Orc:4    | Found Gid Xop's Jewellery Shop.
 20085 | Orc:4    | Reached XP level 15. HP: 121/139 MP: 22/22
 20099 | Orc:4    | Bought an uncursed amulet of regeneration for 450 gold pieces
 20248 | Elf:1    | Entered Level 1 of the Elven Halls
 20321 | Elf:1    | Found Faf Ekk's Antique Armour Emporium.
 20330 | Elf:1    | Bought an embroidered cloak for 121 gold pieces
 20560 | Elf:1    | Found Weosyoc's Quality Used Wands.
 20668 | Elf:1    | Reached skill level 15 in Fighting
 21297 | Elf:1    | Received a gift from Trog
 21660 | Elf:2    | Reached skill level 15 in Long Blades
 21751 | Elf:2    | Found a huge runed gate.
 21751 | Elf:2    | Found a huge runed gate.
 21751 | Elf:2    | Found a huge runed gate.
 21751 | Elf:2    | Found a huge runed gate.
 21754 | Elf:2    | Found a huge runed gate.
 21902 | Elf:2    | Found Neag's Distillery.
 21905 | Elf:2    | Bought a potion of agility for 76 gold pieces
 21905 | Elf:2    | Bought a potion of magic for 152 gold pieces
 21905 | Elf:2    | Bought a potion of haste for 190 gold pieces
 21905 | Elf:2    | Bought a potion of might for 76 gold pieces
 21905 | Elf:2    | Bought a potion of heal wounds for 95 gold pieces
 22098 | Elf:3    | Entered Level 3 of the Elven Halls
 22508 | Elf:3    | Identified the +1 scimitar of Calamity {slice, rElec MR+} (Trog gifted it to you on level 4 of the Orcish Mines)
 22626 | Elf:3    | Identified a scroll of acquirement
 22824 | Elf:3    | Received a gift from Trog
 22869 | Elf:3    | Noticed a deep elf blademaster
 22872 | Elf:3    | Killed a deep elf blademaster
 22893 | Elf:3    | Noticed a deep elf blademaster
 22913 | Elf:3    | Killed a deep elf blademaster
 22920 | Elf:3    | Noticed an Executioner
 22934 | Elf:3    | Killed an Executioner
 23008 | Elf:3    | Reached XP level 16. HP: 150/150 MP: 24/24
 23244 | Elf:3    | Got a vibrating jade ring
 23245 | Elf:3    | Identified the ring of Okawaru's Scorn {rElec rF- Str+2 Int+4 Stlth+} (You found it on level 3 of the Elven Halls)
 23300 | Elf:3    | Reached skill level 16 in Long Blades
 23473 | Elf:3    | Gained mutation: Your flesh is cold resistant. [potion of beneficial mutation]
 23816 | D:10     | Bought a manual of Fighting for 1435 gold pieces
 23932 | Lair:1   | Entered Level 1 of the Lair of Beasts
 24228 | Lair:1   | Found a basalt altar of Yredelemnul.
 26323 | Lair:4   | Received a gift from Trog
 27638 | Lair:6   | Found a staircase to the Swamp.
 27674 | Lair:6   | Found a staircase to the Snake Pit.
 27733 | Lair:6   | Reached skill level 17 in Fighting
 28048 | Lair:6   | Received a gift from Trog
 28994 | Lair:7   | Reached skill level 15 in Dodging
 29005 | Lair:7   | Noticed Nessos
 29010 | Lair:7   | Killed Nessos
 29031 | Lair:7   | Received a gift from Trog
 29041 | Lair:7   | Got a steaming great sword {god gift}
 29044 | Lair:7   | Identified the +7 great sword of Fikum {venom, rC++} (Trog gifted it to you on level 7 of the Lair of Beasts)
 29494 | Lair:8   | Entered Level 8 of the Lair of Beasts
 29505 | Lair:8   | Reached XP level 17. HP: 149/163 MP: 25/25
 29527 | Lair:8   | Reached skill level 18 in Fighting
 29711 | Lair:8   | Found a staircase to the Slime Pits.
 30345 | Lair:8   | Reached skill level 19 in Fighting
 30376 | Lair:8   | Received a gift from Trog
 30412 | Lair:8   | Got a crude turquoise ring
 30413 | Lair:8   | Identified the ring of Birup {rC+ AC+1} (You found it on level 8 of the Lair of Beasts)
 30693 | Snake:1  | Entered Level 1 of the Snake Pit
 30940 | Snake:1  | Reached skill level 20 in Fighting
 31427 | Snake:1  | Received a gift from Trog
 31739 | Snake:2  | Noticed Roxanne
 31758 | Snake:2  | Killed Roxanne
 31824 | Snake:2  | Found Raoxzas's Assorted Antiques.
 31962 | Snake:2  | Noticed Agnes
 31969 | Snake:2  | Killed Agnes
 32139 | Snake:2  | Found a glowing silver altar of Zin.
 32971 | Snake:3  | Reached XP level 18. HP: 170/180 MP: 27/27
 33402 | Snake:3  | Found Duqainy's General Store.
 33410 | Snake:3  | Bought a scroll of teleportation for 45 gold pieces
 33410 | Snake:3  | Bought a bread ration for 75 gold pieces
 33410 | Snake:3  | Bought 2 potions of resistance for 300 gold pieces
 33430 | Snake:4  | Entered Level 4 of the Snake Pit
 33437 | Snake:4  | Received a gift from Trog
 33949 | Snake:4  | Received a gift from Trog
 34453 | Snake:4  | Got a serpentine rune of Zot
 34875 | Swamp:1  | Entered Level 1 of the Swamp
 35070 | Swamp:1  | Noticed Josephine
 35083 | Swamp:1  | Killed Josephine
 35357 | Swamp:1  | Noticed Nikola
 35566 | Swamp:2  | Noticed cmdexe's ghost (powerful HuFi)
 35573 | Swamp:2  | Killed cmdexe's ghost
 35740 | Swamp:1  | Killed Nikola
 35759 | Swamp:1  | Got a pair of spiked gloves
 35770 | Swamp:1  | Identified the +0 pair of gloves of Fesu {rC++ MR+} (You took it off Nikola on level 1 of the Swamp)
 36238 | Swamp:2  | Noticed Jorgrun
 36266 | Swamp:2  | Killed Jorgrun
 36266 | Swamp:2  | Reached XP level 19. HP: 169/187 MP: 28/28
 36328 | Swamp:2  | Noticed Kirke
 36341 | Swamp:2  | Killed Kirke
 37441 | Swamp:3  | Reached skill level 21 in Long Blades
 37513 | Swamp:3  | Noticed Donald
 37524 | Swamp:3  | Killed Donald
 37590 | Swamp:4  | Entered Level 4 of the Swamp
 38299 | Swamp:4  | Received a gift from Trog
 38434 | Swamp:4  | Got a decaying rune of Zot
 39131 | Slime:1  | Entered Level 1 of the Pits of Slime
 39137 | Slime:1  | Reached skill level 22 in Long Blades
 39342 | Slime:1  | Received a gift from Trog
 40296 | Slime:3  | Received a gift from Trog
 40419 | Slime:5  | Reached XP level 20. HP: 195/195 MP: 29/29
 40710 | Slime:5  | Reached skill level 23 in Long Blades
 40735 | Slime:6  | Entered Level 6 of the Pits of Slime
 41487 | Slime:5  | Received a gift from Trog
 41676 | Slime:6  | Gained mutation: Scrolls take you a little longer to read. [a shining eye]
 41678 | Slime:6  | Gained mutation: You are very weak. (Str -4) [a shining eye]
 42044 | Slime:6  | Noticed the royal jelly
 42088 | Slime:6  | Killed the royal jelly
 42393 | Slime:6  | Got a slimy rune of Zot
 42748 | Slime:3  | Reached skill level 24 in Long Blades
 42956 | Snake:2  | Bought a fan of gales for 1320 gold pieces
 43217 | D:8      | Bought a bread ration for 55 gold pieces
 43217 | D:8      | Bought a bread ration for 55 gold pieces
 43217 | D:8      | Bought a bread ration for 55 gold pieces
 43217 | D:8      | Bought a meat ration for 55 gold pieces
 43217 | D:8      | Bought a bread ration for 55 gold pieces
 43217 | D:8      | Bought a bread ration for 55 gold pieces
 43217 | D:8      | Bought a meat ration for 55 gold pieces
 43506 | Depths:1 | Entered Level 1 of the Depths
 43507 | Depths:1 | Found a huge runed gate.
 43507 | Depths:1 | Found a huge runed gate.
 43508 | Depths:1 | Found a huge runed gate.
 43511 | Depths:1 | Found a huge runed gate.
 43511 | Depths:1 | Found a huge runed gate.
 43511 | Depths:1 | Found a huge runed gate.
 43523 | Depths:1 | Paralysed by a great orb of eyes for 7 turns
 43604 | Depths:1 | Found a flickering gateway to a bazaar.
 43641 | Bazaar   | Entered a bazaar
 43662 | Bazaar   | Found Zaopuz's Book Shoppe.
 43696 | Bazaar   | Found Bysuq's General Store.
 43720 | Bazaar   | Found Abosezu's Magic Scroll Shoppe.
 43725 | Bazaar   | Bought a scroll of identify for 26 gold pieces
 43748 | Bazaar   | Found Cojerres's Antique Armour Emporium.
 43790 | Bazaar   | Found Syazyel's Magic Scroll Emporium.
 43956 | Depths:1 | Found a gateway to Hell.
 44215 | Depths:1 | Found a huge runed gate.
 44215 | Depths:1 | Found a huge runed gate.
 44215 | Depths:1 | Found a huge runed gate.
 44215 | Depths:1 | Found a huge runed gate.
 44216 | Depths:1 | Found a huge runed gate.
 44218 | Depths:1 | Found a huge runed gate.
 44221 | Depths:1 | Found a huge runed gate.
 44221 | Depths:1 | Found a huge runed gate.
 44221 | Depths:1 | Found a huge runed gate.
 44230 | Depths:1 | Found a huge runed gate.
 44231 | Depths:1 | Found a huge runed gate.
 45258 | Depths:2 | Found an opulent altar of Gozag.
 45278 | Depths:2 | Noticed a caustic shrike
 45279 | Depths:2 | Noticed a caustic shrike
 45280 | Depths:2 | Noticed a caustic shrike
 45286 | Depths:2 | Found a glowing golden altar of the Shining One.
 45286 | Depths:2 | Found a one-way gate leading to the halls of Pandemonium.
 45295 | Pan      | Entered Pandemonium
 45474 | Pan      | Reached XP level 21. HP: 148/203 MP: 31/31
 45645 | Pan      | Gained mutation: You are frail (-10% HP). [a cacodemon]
 45848 | Pan      | Noticed Iqaetude the pandemonium lord
 45868 | Pan      | HP: 11/274 [Iqaetude the pandemonium lord (15)]
 45869 | Pan      | HP: 4/274 [Iqaetude the pandemonium lord (8)]
 45872 | Pan      | Killed Iqaetude the pandemonium lord
 46135 | Pan      | Received a gift from Trog
 46140 | Pan      | Gained mutation: You are resistant to hostile enchantments. [a neqoxec]
 46161 | Pan      | Found an exit through the horrors of the Abyss.
 46495 | Depths:2 | Escaped Pandemonium
 46555 | Depths:2 | Killed from afar by a deep elf annihilator

Vault maps used:
D:1:      elethiomel_arrival_fortress_basement, minmay_statues_item,
          corexii_corridor_pit, minmay_rat_gold_closets
D:2:      elyvilon_altar_3, first_bread, hangedman_feature_mirror,
          minmay_gold_behind_fungi, fedhas_altar_2, uniq_sigmund, uniq_robin,
          uniq_jessica, uniq_natasha, uniq_terence
D:3:      gammafunk_temple_overflow_wave, serial_undead, serial_undead_b,
          serial_undead_e, serial_undead_a, serial_undead_e, serial_undead_a,
          serial_undead_e, makhleb_blood_cavern_becter
D:4:      led_sif_pool, serial_shops, nicolae_shop_behind_doors,
          uniq_crazy_yiuf_cottage
D:5:      kennysheep_big_flooded_room
D:6:      minmay_temple_entry_fiery, lemuel_angel_altar
D:7:      old_standard_altar, grunt_ashenzari_visionary
D:8:      overflow_temple_1_default, lemuel_round_altar, serial_shops, shop
D:9:      erik_lair_orcish_takeover, orc_0_dummy,
          hangedman_little_slice_of_home, uniq_prince_ribbit1, uniq_erica,
          uniq_joseph
D:10:     serial_shops, kennysheep_mini_moat, spider_trap,
          lightli_elemental_guards, uniq_nergalle
D:11:     minmay_distorted_concentric_squares
D:12:     minmay_misc_feat_alley
D:13:     david_vaults_4
D:14:     serial_shops, shop, uniq_snorg
D:15:     hangedman_depths_entry_try_elsewhere_first, hangedman_glass_teeth,
          minivault_23
Lair:1:   basic_altar, st_stairs_8, beast_lair_carwin_8
Lair:2:   fungi_pond_lemuel, grunt_forest_small_clearings, st_stairs_8
Lair:3:   beast_lair_carwin_1, serial_bayou_shore_b
Lair:5:   lemuel_fruit_fields
Lair:6:   minmay_swamp_entry_worms, minmay_snake_entry_six_corridors,
          minmay_another_anthill, infiniplex_staircase_pool,
          serial_bayou_shore_b
Lair:7:   kennysheep_abandoned_house, serial_bayou_pond_e, uniq_nessos
Lair:8:   grunt_lair_end_beastmaster, nicolae_slime_entry_slimehenge,
          minmay_lair_drake_nest
Swamp:1:  nicolae_swamp_little_tower, swamp_pool1, kb_tengu_band,
          uniq_josephine, uniq_nikola
Swamp:2:  evilmike_swamp_ruin_house_2, swamp_pool2, uniq_kirke, uniq_jorgrun
Swamp:3:  nicolae_swamp_stair_fork, uniq_donald
Swamp:4:  swamp
Snake:1:  hangedman_snake_corridor_cut
Snake:2:  serial_shops, shop_fountains, basic_altar, stair_cage_cross,
          serial_bayou_lake_a, uniq_agnes, uniq_roxanne
Snake:3:  cheibrodos_snake_lava_hold, serial_shops, shop
Snake:4:  snake_pit, lemuel_fruit_tree
Slime:5:  cheibrodos_slime_lost_civilization_4
Orc:2:    nicolae_orc_pool_cavern
Orc:3:    uniq_erolcha
Orc:4:    pubby_orc_utopia, uniq_maud
Elf:1:    eino_elf_arrival_sip, serial_shops, shop_statue,
          minmay_elf_necromancy, nicolae_for_you_no_charge
Elf:2:    serial_shops, shop
Elf:3:    minmay_elf_hall_x
Depths:1: serial_bayou_ford_a, grunt_hell_entry_dis_grunt, serial_shops,
          bzr_entry_customers, door_vault
Depths:2: grunt_profane_halls, hell_entry, serial_shops, pan_entry
Pan:      rand_demon_2
Bazaar:   bazaar_jpeg_circle_rare_2

Action                   |  1- 3 |  4- 6 |  7- 9 | 10-12 | 13-15 | 16-18 | 19-21 || total
-------------------------+-------+-------+-------+-------+-------+-------+-------++-------
Melee: Falchion          |    38 |   123 |       |   184 |       |       |       ||   345
       Quarterstaff      |       |    52 |   217 |       |       |       |       ||   269
       Short sword       |       |       |   151 |    57 |       |       |       ||   208
       Dagger            |       |       |     6 |       |       |       |       ||     6
       Scimitar          |       |       |       |    22 |       |       |       ||    22
       Triple sword      |       |       |       |   347 |  1104 |  1467 |  1474 ||  4392
       Great sword       |       |       |       |       |       |     9 |       ||     9
Invok: Berserk           |     1 |     4 |     4 |    15 |    24 |    14 |    26 ||    88
       Trog's Hand       |       |       |     2 |     6 |    15 |    16 |    27 ||    66
       Burn Spellbooks   |       |       |       |     4 |     3 |     5 |     5 ||    17
       Brothers in Arms  |       |       |       |       |    22 |    21 |    10 ||    53
 Abil: Breathe Lightning |       |       |     3 |     8 |     5 |     3 |       ||    19
       Fly               |       |       |       |       |       |     1 |     1 ||     2
       Stop Flying       |       |       |       |       |       |     1 |     1 ||     2
Evoke: Wand              |       |       |     4 |    19 |    27 |    12 |    54 ||   116
       Box of beasts     |       |       |       |       |     7 |     4 |    18 ||    29
       Lamp of fire      |       |       |       |       |       |     3 |     5 ||     8
       Fan of gales      |       |       |       |       |       |       |     3 ||     3
       Phial of floods   |       |       |       |       |       |       |     3 ||     3
       Phantom mirror    |       |       |       |       |       |       |     1 ||     1
  Use: Potion            |       |     3 |     1 |     1 |     8 |     7 |    24 ||    44
       Scroll            |       |       |     7 |     9 |    16 |    21 |    29 ||    82
 Stab: Paralysed         |       |     2 |     2 |       |       |     5 |     3 ||    12
       Sleeping          |       |       |     4 |       |     3 |     2 |       ||     9
       Distracted        |       |       |       |     4 |     1 |       |     3 ||     8
       Invisible         |       |       |       |       |     6 |     3 |       ||     9
       Confused          |       |       |       |       |       |       |    18 ||    18
  Eat: Chunk             |       |    10 |    18 |    37 |    58 |    33 |    15 ||   171
       Royal jelly       |       |       |       |     2 |     2 |     5 |    16 ||    25
       Beef jerky        |       |       |       |     1 |     3 |     3 |       ||     7
       Fruit             |       |       |       |     2 |     5 |    22 |     6 ||    35
       Pizza             |       |       |       |     1 |       |     6 |       ||     7
       Bread ration      |       |       |       |       |       |       |     7 ||     7
